 Dungeon Crawl Stone Soup version 0.28-a0-479-g5baa6b73be (webtiles) character file.

Game seed: 6502148173953505004

107 speeev33 the Vandal (level 4, -10/41 HPs)
             Began as a Minotaur Hunter on Sept 19, 2021.
             Blown up by Ijyb (28 damage)
             ... with a mindburst bolt
             ... on level 3 of the Dungeon.
             The game lasted 00:02:28 (1923 turns).

speeev33 the Vandal (Minotaur Hunter)               Turns: 1923, Time: 00:02:28

Health: -10/41     AC:  4    Str: 18    XL:     4   Next: 57%
Magic:  3/3        EV:  8    Int:  8    God:
Gold:   74         SH:  6    Dex: 10    Spells: 3/3 levels left

rFire   . . .      SeeInvis .   l - +0 hunting sling (flame)
rCold   . . .      Faith    .   o - +0 kite shield
rNeg    . . .      Spirit   .   c - +0 leather armour
rPois   .          Reflect  .   (helmet restricted)
rElec   .          Harm     .   f - +0 cloak
rCorr   .          Rampage  .   (no gloves)
Will    .....                   (no boots)
Stlth   +.........              (no amulet)
HPRegen 0.13/turn               (no ring)
MPRegen 0.08/turn               (no ring)

@: no status effects
A: horns 2, retaliatory headbutt
a: no special abilities


You were on level 3 of the Dungeon.
You visited 1 branch of the dungeon, and saw 3 of its levels.

You collected 74 gold pieces.

Inventory:

Hand Weapons
 b - a +0 short sword
 l - a +0 hunting sling of flaming (weapon)
Missiles
 d - 7 sling bullets (quivered ammo)
 j - 49 stones
Armour
 c - a +0 leather armour (worn)
 f - a +0 cloak (worn)
 o - a +0 kite shield (worn)
Scrolls
 i - a scroll of blinking {unknown}
 m - a scroll of enchant armour {unknown}
 n - a scroll of vulnerability {unknown}
Potions
 a - a potion of attraction {unknown}
 e - 2 potions of mutation
 g - a potion of heal wounds {unknown}
 h - 3 potions of brilliance {unknown}
 k - 3 potions of flight {unknown}
 p - a potion of curing {unknown}
 q - a potion of haste {unknown}


   Skills:
 + Level 4.4 Fighting
 + Level 5.6 Slings
 - Level 2.1 Dodging
 - Level 0.7 Stealth
 + Level 0.0 Shields


You had 3 spell levels left.
You didn't know any spells.
Your spell library was empty.

Dungeon Overview and Level Annotations

Branches:
Dungeon (3/15)

Altars:
Vehumet

Annotations:
D:3 Ijyb


Innate Abilities, Weirdness & Mutations

You have a pair of horns on your head.
You reflexively headbutt those who attack you in melee.


Message History

You shoot a stone.
The stone hits the giant cockroach but does no damage.
The giant cockroach is moderately wounded.
The giant cockroach bites you but does no damage. x2
You shoot a stone. The stone hits the giant cockroach.
The stone burns the giant cockroach.
You kill the giant cockroach!
No target in view!
Ijyb the Twisted Goblin comes into view.
She is wielding a +0 dagger and carrying a wand of mindburst (6).
Ijyb shouts!
You see here 5 stones.
Ijyb is nearby!
You shoot a stone. The stone hits Ijyb.
The stone burns Ijyb.
Ijyb is moderately wounded.
Ijyb screams, "No!
No, no, no, no!"
You shoot a stone. The stone barely misses Ijyb.
Ijyb zaps a wand.
You barely resist. You shoot a stone. The stone hits Ijyb but does no damage.
Ijyb is moderately wounded.
Ijyb zaps a wand.
Your mind is blasted!
Ouch! That really hurt!
You are too injured to fight recklessly!
You are too injured to fight recklessly!
You are too injured to fight recklessly!
You are too injured to fight recklessly!
Fire: 9 sling bullets
Press: ? - help, Q - select action, (/) - cycle Shift-Dir - straight line, f/p - Ijyb
Aim: Ijyb, wielding a +0 dagger, wearing a +0 ring mail and carrying a wand of mindburst (4) (moderately wounded, 55% to hit)
You shoot a sling bullet. The sling bullet hits Ijyb.
The sling bullet burns Ijyb.
Ijyb is moderately wounded.
Fire: 8 sling bullets
Press: ? - help, Q - select action, (/) - cycle Shift-Dir - straight line, f/p - Ijyb
Aim: Ijyb, wielding a +0 dagger, wearing a +0 ring mail and carrying a wand of mindburst (4) (moderately wounded, 57% to hit)
You shoot a sling bullet. The sling bullet hits Ijyb!
The sling bullet burns Ijyb.
Ijyb is severely wounded.
Ijyb zaps a wand.
Your mind is blasted!
Ouch! That really hurt!
You die...

..#
#..........#.#
#.# ..#
#............#
#.# ..#
#.........####
#.# ..# .... #>#
.. .... #.# ..
#.# .. #.# ##
####+#########.#
.(.....@.......#
..(.(..#########
....... ....g..
...(..# ..(...
..(... (.....


You could see Ijyb.

Vanquished Creatures
  A water moccasin skeleton (D:3)
  A worm (D:2)
  2 dart slugs (D:1)
  6 bats
  4 endoplasms
  3 giant cockroaches
  7 goblins
  3 hobgoblins
  3 jackals (D:2)
  4 quokkas (D:1)
  4 ball pythons
  3 frilled lizards (D:1)
  5 rats
46 creatures vanquished.

Vanquished Creatures (others)
  2 plants (D:3)
2 creatures vanquished.

Grand Total: 48 creatures vanquished

Notes
Turn   | Place    | Note
-------+----------+-------------------------------------------
     0 | D:1      | speeev33 the Minotaur Hunter began the quest for the Orb.
     0 | D:1      | Reached XP level 1. HP: 18/18 MP: 0/0
   111 | D:1      | Reached XP level 2. HP: 24/25 MP: 1/1
   606 | D:1      | Reached skill level 5 in Slings
   606 | D:1      | Reached XP level 3. HP: 31/31 MP: 2/2
  1043 | D:2      | Found a faded altar of an unknown god.
  1267 | D:2      | Found a radiant altar of Vehumet.
  1597 | D:3      | Reached XP level 4. HP: 28/41 MP: 3/3
  1918 | D:3      | Noticed Ijyb
  1923 | D:3      | Blown up by Ijyb

Illustrated notes

Levels and vault maps discovered:
D:1:      lightli_arrival_noodles, layout_basic, kennysheep_small_spiral
D:2:      layout_basic, chequers_ecumenical_altar_island, basic_altar
D:3:      layout_basic, serial_shops, nicolae_lakefront_shop,
          nrook_mini_backslash, serial_bayou_crossing, uniq_ijyb

Skill      XL: |  1  2  3 |
---------------+----------+-----
Fighting       | 3 4 |  4.4
Slings         | 5 |  5.6
Dodging        | |  2.1
Stealth        | |  0.7

Action                   |  1- 3 |  4- 6 || total
-------------------------+-------+-------++-------
 Fire: Hunting sling     |    90 |    16 ||   106
  Use: Scroll            |     1 |       ||     1
Armor: Leather armour    |    13 |     3 ||    16
Dodge: Dodged            |    18 |     3 ||    21
Block: Kite shield       |       |     1 ||     1

Table legend: (Time is in decaauts)
 A = Elapsed time spent in this place.
 B = Non-inter-level travel time spent in this place.
 C = Inter-level travel time spent in this place.
 D = Time resting spent in this place.
 E = Time spent auto-exploring this place.
 F = Levels seen in this place.
 G = Mean time per level.
                   A        B        C        D        E       F      G
               +--------+--------+--------+--------+--------+-----+--------+
         Total |   1929 |   1859 |     70 |      0 |   1618 |   3 |  643.0 |
       Dungeon |   1929 |   1859 |     70 |      0 |   1618 |   3 |  643.0 |
               +--------+--------+--------+--------+--------+-----+--------+

Top non-repeatable levels by time:
     D:1: 921 daAuts
     D:2: 614 daAuts
     D:3: 393 daAuts
